 Dungeon Crawl Stone Soup version 0.30-a0-4-ga7cffc901d (webtiles) character file.

Game seed: 11720098815889987739

216 Setbun the Sneak (level 6, 0/35 HPs)
             Began as a Kobold Enchanter on Aug 20, 2022.
             Slain by Natasha (6 damage)
             ... on level 1 of the Dungeon.
             The game lasted 00:01:14 (1314 turns).

Setbun the Sneak (Kobold Enchanter)                 Turns: 1314, Time: 00:01:15

Health: 0/35       AC:  3    Str:  5    XL:     6   Next: 16%
Magic:  1/10       EV: 16    Int: 16    God:
Gold:   67         SH:  0    Dex: 18    Spells: 8/10 levels left

rFire   . . .      SeeInvis .    a - +1 dagger
rCold   . . .      Faith    .    (no shield)
rNeg    . . .      Spirit   .    b - +0 robe
rPois   .          Reflect  .    (no helmet)
rElec   .          Harm     .    (no cloak)
rCorr   .          Rampage  .    (no gloves)
Will    .....                    d - +0 pair of boots
Stlth   ++++......               (no amulet)
HPRegen 0.11/turn                (no ring)
MPRegen 0.12/turn                (no ring)

@: mighty, very slightly contaminated, invisible
A: small, no large weapons, nightstalker 3
a: no special abilities


You were on level 1 of the Dungeon.
You visited 1 branch of the dungeon, and saw 2 of its levels.

You collected 67 gold pieces.

Inventory:

Hand Weapons
 a - a +1 dagger (weapon)
Armour
 b - a +0 robe (worn)
 d - a +0 pair of boots (worn)
Jewellery
 h - a +6 ring of intelligence
Scrolls
 f - a scroll of enchant armour {unknown}
 g - a scroll of teleportation {unknown}
 i - a scroll of silence {unknown}
Potions
 c - a potion of invisibility


   Skills:
 + Level 1.9 Fighting
 * Level 4.1 Short Blades
 + Level 3.4 Dodging
 + Level 5.0 Stealth
 + Level 2.9 Spellcasting
 + Level 3.6 Hexes


You had 8 spell levels left.
You knew the following spells:

 Your Spells              Type           Power      Damage    Failure   Level
a - Ensorcelled Hibernat  Hex/Ice        16%        N/A       13%         2

Your spell library contained the following spells:

 Spells                   Type           Power      Damage    Failure   Level
 Confusing Touch          Hex            14%        N/A       12%         3
 Tukima's Dance           Hex            14%        N/A       12%         3
 Dazzling Flash           Conj/Hex       16%        N/A       26%         3


Dungeon Overview and Level Annotations

Branches:
Dungeon (2/15)

Altars:

Annotations:
D:1 Natasha


Innate Abilities, Weirdness & Mutations

You are small and have problems with some larger weapons.
You are completely attuned to the shadows.


Message History

You are very lightly contaminated with residual magic.
Nothing appears to happen.
Natasha barely misses you.
Casting: Ensorcelled Hibernation (safe; 13% risk of failure)
Confirm with . or Enter, or press ? or * to list all spells.
Aiming: Ensorcelled Hibernation (safe; 13% risk of failure)
Press: ? - help, Shift-Dir - straight line, f/p - Natasha
Aim: Natasha (lightly wounded, chance to affect: 41%) Natasha resists with some effort.
Natasha casts a spell at you. The magic dart hits you!
Casting: Ensorcelled Hibernation (safe; 13% risk of failure)
Confirm with . or Enter, or press ? or * to list all spells.
Aiming: Ensorcelled Hibernation (safe; 13% risk of failure)
Press: ? - help, Shift-Dir - straight line, f/p - Natasha
Aim: Natasha (lightly wounded, chance to affect: 41%)
You miscast Ensorcelled Hibernation.
Nothing appears to happen.
Natasha closely misses you.
Casting: Ensorcelled Hibernation (safe; 13% risk of failure)
Confirm with . or Enter, or press ? or * to list all spells.
You don't have enough magic to cast this spell.
Unknown command.
You hit Natasha.
Natasha is lightly wounded.
You hit Natasha but do no damage.
Natasha is lightly wounded.
Natasha claws you!
You hit Natasha.
Natasha is lightly wounded.
Natasha claws you!
You hit Natasha.
Natasha is moderately wounded.
Natasha stares at you and mumbles some strange words.
The magic dart hits you.
* * * LOW HITPOINT WARNING * * *
You fade into invisibility!
Natasha misses you.
It was a potion of might.
You feel very mighty all of a sudden. Natasha claws you.
You die...

...### #.## #..## #.# ...#
##..#####...######.#
.##########..................#
............###.###.#.########
....######### #.#...#.## ....#
#.#.###)[## ....# #...# ##..#
....# ####..######.## ....#
##....@...###..# ....#
##.....h....#..## ....#
#.............#.... #####
#..................
#..................
##..........#......
############...##...##.....
.................
#################


You could see Natasha.

Vanquished Creatures
  Sigmund (D:2)
  Natasha (D:1)
  An adder (D:2)
  A dart slug (D:1)
  An endoplasm (D:1)
  2 giant cockroaches
  4 goblins (D:1)
  2 hobgoblins (D:1)
  4 kobolds (D:1)
  3 ball pythons
  3 frilled lizards (D:1)
  4 rats
27 creatures vanquished.

Notes
Turn   | Place    | Note
-------+----------+-------------------------------------------
     0 | D:1      | Setbun the Kobold Enchanter began the quest for the Orb.
     0 | D:1      | Reached XP level 1. HP: 10/10 MP: 3/3
   403 | D:1      | Reached XP level 2. HP: 12/15 MP: 5/5
   415 | D:1      | Learned a level 2 spell: Ensorcelled Hibernation
   547 | D:1      | You fall into a shaft and drop 1 floor!
   608 | D:2      | Reached XP level 3. HP: 18/20 MP: 6/6
   711 | D:2      | Noticed Sigmund
   714 | D:2      | Noticed Natasha
   718 | D:2      | Killed Sigmund
   719 | D:2      | Reached skill level 1 in Fighting
   719 | D:2      | Reached XP level 4. HP: 21/26 MP: 2/8
   719 | D:2      | Reached XP level 5. HP: 24/30 MP: 2/9
   733 | D:1      | Killed Natasha
   734 | D:1      | Reached skill level 5 in Stealth
   734 | D:1      | Reached XP level 6. HP: 9/35 MP: 0/10
  1296 | D:1      | Noticed Natasha
  1314 | D:1      | Slain by Natasha

Illustrated notes

Levels and vault maps discovered:
D:1:      lightli_molten_gateway, layout_rooms
D:2:      layout_loops_ring, ebering_ecumenical_altar_petrified, basic_altar,
          serial_co_window_serial, co_window_corner_a, co_window_cross_1,
          co_window_of_opportunity_a, co_window_paths_b,
          co_window_of_opportunity_a, co_window_paths_a, co_window_corner_a,
          co_window_corner_b, co_window_of_opportunity_b,
          co_window_unsneaky_path_c, co_window_4corner_b, co_window_sun,
          glass_columns_a, glass_columns_b, glass_columns_b, uniq_natasha,
          uniq_sigmund

Skill      XL: |  1  2  3  4  5 |
---------------+----------------+-----
Short Blades   | 2 3 4 |  4.1
Fighting       | 1 |  1.9
Dodging        | 3 |  3.4
Stealth        | 5 |  5.0
Spellcasting   | |  2.9
Hexes          | |  3.6

Action                   |  1- 3 |  4- 6 || total
-------------------------+-------+-------++-------
Melee: Dagger            |    38 |    23 ||    61
 Cast: Ensorcelled Hiber |     2 |     5 ||     7
  Use: Potion            |       |     2 ||     2
 Stab: Sleeping          |     7 |    11 ||    18
       Distracted        |     1 |       ||     1
Armor: Robe              |     2 |     3 ||     5
Dodge: Dodged            |    27 |    11 ||    38

Table legend: (Time is in decaauts)
 A = Elapsed time spent in this place.
 B = Non-inter-level travel time spent in this place.
 C = Inter-level travel time spent in this place.
 D = Time resting spent in this place.
 E = Time spent auto-exploring this place.
 F = Levels seen in this place.
 G = Mean time per level.
                   A        B        C        D        E       F      G
               +--------+--------+--------+--------+--------+-----+--------+
         Total |   1310 |   1310 |      0 |    440 |    687 |   2 |  655.0 |
       Dungeon |   1310 |   1310 |      0 |    440 |    687 |   2 |  655.0 |
               +--------+--------+--------+--------+--------+-----+--------+

Top non-repeatable levels by time:
     D:1: 1124 daAuts
     D:2: 185 daAuts
